 Dungeon Crawl Stone Soup version 0.27-a0-1384-g1422d76b99 (webtiles) character file.

Game seed: 4884271303338760364

2642 bilbop the Magician (level 9, -4/52 HPs)
             Began as a Deep Elf Summoner on June 30, 2021.
             Was a Believer of Yredelemnul.
             Shot with an arrow by a centaur (10 damage)
             ... on level 9 of the Dungeon on July 1, 2021.
             The game lasted 01:18:43 (11491 turns).

bilbop the Magician (Deep Elf Summoner)            Turns: 11491, Time: 01:18:44

Health: -4/52      AC:  5    Str:  6    XL:     9   Next: 35%
Magic:  18/21      EV: 15    Int: 22    God:    Yredelemnul [**....]
Gold:   340        SH:  0    Dex: 16    Spells: 10/22 levels left

rFire    + . .     SeeInvis .   a - +2 dagger (speed)
rCold    + . .     Faith    .   (no shield)
rNeg     . . .     Spirit   .   u - +2 robe {rC+ rF+}
rPois    +         Reflect  .   z - +0 hat
rElec    .         Harm     .   t - +0 cloak
rCorr    .         Rampage  .   (no gloves)
Will     .....                  (no boots)
Stlth    ++++......             o - amulet of magic regeneration
HPRegen  0.17/turn              s - ring of wizardry
MPRegen  0.42/turn              i - ring of poison resistance

@: no status effects
A: no striking features
a: Renounce Religion, Animate Remains, Recall Undead Slaves, Injury Mirror


You were on level 9 of the Dungeon.
You worshipped Yredelemnul.
Yredelemnul was pleased with you.
You visited 2 branches of the dungeon, and saw 10 of its levels.

You collected 340 gold pieces.

Inventory:

Hand Weapons
 a - a +2 dagger of speed (weapon)
 n - a +1 dagger of venom
 x - a +1 short sword of venom
 y - a +1 dagger of draining
Missiles
 j - 2 boomerangs of dispersal
 F - 4 atropa-tipped darts
 G - a throwing net
 H - a curare-tipped dart
Armour
 c - a +0 robe
 t - a +0 cloak (worn)
 u - a +2 robe of resistance (worn)
 z - a +0 hat (worn)
Jewellery
 e - a ring of positive energy
 f - a ring of ice
 i - a ring of poison resistance (right hand)
 o - an amulet of magic regeneration (around neck)
 s - a ring of wizardry (left hand)
 E - a +6 ring of intelligence
Wands
 p - a wand of flame (21)
 q - a wand of charming (7)
 A - a wand of iceblast (10)
Scrolls
 d - a scroll of summoning
 g - 2 scrolls of fog
 h - a scroll of amnesia {unknown}
 k - a scroll of teleportation
 l - a scroll of immolation {unknown}
 r - a scroll of magic mapping {unknown}
 B - a scroll of silence {unknown}
Potions
 b - a potion of ambrosia
 m - 4 potions of brilliance
 v - a potion of invisibility {unknown}
 w - a potion of mutation {unknown}
 C - a potion of lignification {unknown}
 D - a potion of degeneration {unknown}
 I - a potion of cancellation


   Skills:
 + Level 4.0 Fighting
 + Level 4.8 Short Blades
 + Level 6.5 Dodging
 + Level 7.1 Stealth
 + Level 7.3 Spellcasting
 + Level 7.0 Summonings
 + Level 2.9 Invocations


You had 10 spell levels left.
You knew the following spells:

 Your Spells              Type           Power      Damage    Failure   Level
a - Summon Small Mammal   Summ           100%       N/A       1%          1
b - Call Imp              Summ           39%        N/A       1%          2
c - Call Canine Familiar  Summ           39%        N/A       1%          3
d - Summon Ice Beast      Ice/Summ       23%        N/A       8%          4
e - Blink                 Tloc           N/A        N/A       4%          2

Your spell library contained the following spells:

 Spells                   Type           Power      Damage    Failure   Level
 Summon Guardian Golem    Hex/Summ       23%        N/A       2%          3
 Magic Dart               Conj           32%        1d4       3%          1
 Slow                     Hex            8%         N/A       4%          2
 Summon Lightning Spire   Summ/Air       23%        N/A       8%          4
 Conjure Flame            Conj/Fire      8%         6-21      10%         3
 Mephitic Cloud           Conj/Pois/Air  8%         N/A       10%         3


Dungeon Overview and Level Annotations

Branches:
Dungeon (9/15)             Temple (1/1) D:5
   Lair: D:8-11         Orc: D:9-12

Altars:
Ashenzari
Cheibriados
Dithmenos
Elyvilon
Fedhas
Gozag
Hepliaklqana
Kikubaaqudgha
Makhleb
Nemelex Xobeh
Okawaru
Qazlal
Sif Muna
Trog
Uskayaw
Vehumet
Wu Jian
Xom
Yredelemnul
The Shining One

Shops:
D:3 (

Annotations:
D:4 2 runed translucent doors
D:9 exclusion: obsidian statue


Message History

The centaur is almost dead.
The centaur shoots an arrow.
The arrow hits your crimson imp!
Your wolf bites the centaur.
The centaur misses you. The centaur barely misses you.
You hit the centaur.
The centaur is almost dead.
The centaur shoots an arrow.
The arrow hits your crimson imp!
Your crimson imp dies!
An orc wizard comes into view. It is wielding a +0 dagger.
Your wolf barely misses the centaur.
You hit the centaur.
You kill the centaur!
Yredelemnul accepts your kill. What are your orders? t - Shout!
Orders for allies: a - Attack new target. r - Retreat! s - Stop attacking. g - Guard the area. f - Follow me.
Anything else - Cancel.
Gang up on whom?
Press: ? - help, Dir - move target, f - centaur
Aim: a centaur, wielding a +0 shortbow and quivering arrows (ally target) Attack!
The centaur shoots an arrow.
The arrow hits you!
* * * LOW HITPOINT WARNING * * *
An orc wizard comes into view. It is wielding a +0 dagger.
The centaur shoots an arrow.
The arrow hits you!
* * * LOW HITPOINT WARNING * * *
Your wolf barely misses the centaur.
Your wolf bites the centaur.
What are your orders? t - Shout!
Orders for allies: a - Attack new target. p - Attack previous target. r - Retreat! s - Stop attacking. g - Guard the area. f - Follow me.
Anything else - Cancel.
Gang up on whom?
Press: ? - help, Dir - move target, f/p - centaur
Aim: a centaur, wielding a +0 shortbow and quivering arrows (lightly wounded, ally target) Attack!
The centaur shoots an arrow.
The arrow hits you!
You die...
Your body rises from the dead as a mindless zombie.

#.. #(. #Z#
#############)#
#..[........#)#
#...........'.#
#...........###
##+######...#####...#
#...).@.....# #...#
#...c...Z...# #...#
#..h5.Z.....+ #...#
#...######### #...###
#..o #...... #.o.
#...... #.. +......
#.. #####.. #..


You could see a centaur (ally target), 2 orc wizards, a friendly wolf
(summoned), a friendly crimson imp (summoned), a friendly kobold zombie and a
friendly two-headed ogre zombie.

Vanquished Creatures
  A two-headed ogre (D:9)
  Pikel (D:5)
  Grinder (D:4)
  A steam dragon (D:6)
  A centaur (D:9)
  A kobold brigand (D:9)
  A bullfrog (D:8)
  A water moccasin zombie (D:6)
  A killer bee (D:9)
  A howler monkey (D:8)
  A centaur zombie (D:6)
  2 orc priests (D:6)
  A gnoll shaman (D:6)
  2 iguanas
  A centaur skeleton (D:7)
  Terence (D:2)
  A scorpion zombie (D:5)
  A hound skeleton (D:5)
  4 gnolls (D:5)
  3 adders
  2 orcs
  4 ball pythons
  3 bats
  3 endoplasms
  5 giant cockroaches (D:2)
  4 goblins
  2 hobgoblins
  A jackal (D:2)
  3 quokkas
  2 rats
56 creatures vanquished.

Vanquished Creatures (collateral kills)
  Sigmund (D:4)
  A wyvern (D:8)
  2 water moccasins
  A sky beast (D:7)
  An ogre (D:3)
  A necrophage (D:4)
  A centaur (D:8)
  A lemure (D:5)
  A phantom (D:7)
  A kobold brigand (D:7)
  2 gnoll sergeants
  A scorpion (D:4)
  A wyvern zombie (D:8)
  A water moccasin skeleton (D:4)
  A killer bee (D:7)
  A centaur zombie (D:8)
  5 hounds
  2 jellies
  A gnoll shaman (D:6)
  5 orc priests
  2 iguanas
  5 orc wizards
  A howler monkey zombie (D:8)
  7 adders
  13 gnolls
  2 white imps
  An ufetubus (D:5)
  A worm (D:2)
  27 orcs
  2 bats
  4 endoplasms
  9 giant cockroaches
  4 goblins
  2 hobgoblins (D:1)
  7 jackals
  A quokka (D:4)
  4 ball pythons
  5 frilled lizards
  10 kobolds
  3 rats
141 creatures vanquished.

Vanquished Creatures (others)
  A gnoll (D:9)
  A dart slug (D:4)
  An adder zombie (D:6)
  A centaur zombie (D:8)
  A gnoll zombie (D:9)
  3 orc zombies (D:8)
  A water moccasin zombie (D:7)
  7 fungi (D:9)
  38 plants
  7 withered plants (D:6)
61 creatures vanquished.

Grand Total: 258 creatures vanquished

Notes
Turn   | Place    | Note
-------+----------+-------------------------------------------
     0 | D:1      | bilbop the Deep Elf Summoner began the quest for the Orb.
     0 | D:1      | Reached XP level 1. HP: 10/10 MP: 6/6
   508 | D:1      | Reached XP level 2. HP: 15/15 MP: 4/8
   851 | D:1      | Found a faded altar of an unknown god.
  1504 | D:2      | Noticed Terence
  1611 | D:2      | Reached XP level 3. HP: 20/20 MP: 4/9
  1618 | D:2      | Reached skill level 1 in Short Blades
  1669 | D:2      | Learned a level 2 spell: Call Imp
  1733 | D:2      | Killed Terence
  2515 | D:2      | Reached skill level 1 in Fighting
  2516 | D:2      | Reached XP level 4. HP: 22/25 MP: 6/11
  3265 | D:3      | Found Juqun's Antique Weapon Emporium.
  3416 | D:3      | Noticed an ogre
  3433 | D:3      | Killed an ogre
  3434 | D:3      | Reached XP level 5. HP: 29/29 MP: 6/13
  3618 | D:3      | Reached skill level 5 in Summonings
  4242 | D:4      | Found a stormy altar of Qazlal.
  4466 | D:4      | Noticed Grinder
  4472 | D:4      | Learned a level 3 spell: Call Canine Familiar
  4481 | D:4      | Killed Grinder
  4482 | D:4      | Reached XP level 6. HP: 12/35 MP: 10/14
  4836 | D:4      | Found a large runed translucent door.
  4837 | D:4      | Found a large runed translucent door.
  5089 | D:4      | Noticed Sigmund
  5495 | D:4      | Learned a level 4 spell: Summon Ice Beast
  5689 | D:4      | Reached XP level 7. HP: 40/40 MP: 12/16
  5693 | D:4      | Reached skill level 5 in Spellcasting
  6138 | D:4      | Found a stormy altar of Qazlal.
  6249 | D:4      | Killed Sigmund
  6937 | D:5      | Entered Level 5 of the Dungeon
  7268 | D:5      | Found a staircase to the Ecumenical Temple.
  7275 | D:5      | Noticed Pikel
  7298 | D:5      | Killed Pikel
  7299 | D:5      | Reached skill level 5 in Dodging
  7299 | D:5      | Reached skill level 5 in Stealth
  7299 | D:5      | Reached XP level 8. HP: 26/45 MP: 9/18
  7322 | Temple   | Entered the Ecumenical Temple
  7329 | Temple   | Became a worshipper of Yredelemnul the Dark
  8642 | D:6      | Found an ancient bone altar of Kikubaaqudgha.
  8671 | D:6      | Reached * piety under Yredelemnul
  9246 | D:6      | Reached skill level 1 in Invocations
  9431 | D:7      | Noticed a green ugly thing
  9938 | D:8      | Reached ** piety under Yredelemnul
 10426 | D:8      | Reached XP level 9. HP: 38/52 MP: 9/21
 10429 | D:8      | Learned a level 2 spell: Blink
 11131 | D:9      | Noticed an obsidian statue
 11148 | D:9      | Noticed a two-headed ogre
 11161 | D:9      | Killed a two-headed ogre
 11491 | D:9      | Shot with an arrow by a centaur

Illustrated notes

Levels and vault maps discovered:
D:1:      scummos_arrival_simple_crosswalls, layout_loops_corners,
          hellmonk_ecumenical_altar_inner_sanctum, serial_park_tiny_1
D:2:      minmay_roachtagon, layout_basic, serial_curves, eino_curves_02,
          eino_curves_03, uniq_terence
D:3:      layout_basic, serial_shops, shop, serial_bayou, serial_bayou_pond_a,
          serial_bayou_lake_a, serial_bayou_lagoon_a, serial_bayou_crossing,
          serial_bayou_shore_a, serial_bayou_shore_b
D:4:      cheibrodos_pilgrimage, layout_layer_cave, jmf_multi_god_temple2,
          grunt_qazlal_clouds, item_on_display_a, uniq_grinder, uniq_sigmund
D:5:      layout_basic, minmay_temple_entry_wispy, nicolae_underground_beach,
          uniq_pikel
D:6:      layout_rooms, kiku_gazebo_garden_becter, grunt_ministairs_5
D:7:      layout_basic
D:8:      layout_loops_ring, glass_columns_a
D:9:      kennysheep_blocky_room, layout_basic, grunt_lair_entry_orc_guard_hut,
          gammafunk_ghost_smash, minivault_15
Temple:   nicolae_temple_no_exploring_needed

Skill      XL: |  1  2  3  4  5  6  7  8  9 |
---------------+----------------------------+-----
Short Blades   | 1 2 3 4 |  4.8
Stealth        | 3 4 5 6 7 |  7.1
Dodging        | 3 4 5 6 |  6.5
Fighting       | 1 2 3 4 |  4.0
Spellcasting   | 4 5 6 7 |  7.3
Summonings     | 5 6 7 |  7.0
Invocations    | 2 |  2.9

Action                   |  1- 3 |  4- 6 |  7- 9 || total
-------------------------+-------+-------+-------++-------
Melee: Dagger            |    47 |    58 |   134 ||   239
       Unarmed           |     3 |       |       ||     3
 Cast: Summon Small Mamm |    60 |     1 |     3 ||    64
       Call Imp          |    17 |    51 |   107 ||   175
       Call Canine Famil |       |     8 |    53 ||    61
       Summon Ice Beast  |       |     2 |     1 ||     3
Invok: Animate Remains   |       |       |    11 ||    11
  Use: Scroll            |       |       |     6 ||     6
       Potion            |       |       |     4 ||     4
 Stab: Sleeping          |     2 |     4 |    14 ||    20
       Distracted        |     1 |     1 |     3 ||     5
Armor: Robe              |    10 |     8 |    16 ||    34
Dodge: Dodged            |    56 |    38 |   114 ||   208

Table legend: (Time is in decaauts)
 A = Elapsed time spent in this place.
 B = Non-inter-level travel time spent in this place.
 C = Inter-level travel time spent in this place.
 D = Time resting spent in this place.
 E = Time spent auto-exploring this place.
 F = Levels seen in this place.
 G = Mean time per level.
                   A        B        C        D        E       F      G
               +--------+--------+--------+--------+--------+-----+--------+
         Total |  11500 |  10943 |    557 |    973 |   7973 |  10 | 1150.0 |
       Dungeon |  11485 |  10940 |    545 |    973 |   7973 |   9 | 1276.1 |
        Temple |     14 |      2 |     12 |      0 |      0 |   1 |   14.0 |
               +--------+--------+--------+--------+--------+-----+--------+

Top non-repeatable levels by time:
     D:4: 2591 daAuts
     D:2: 1575 daAuts
     D:1: 1536 daAuts
     D:5: 1294 daAuts
     D:3: 1283 daAuts
     D:6: 1105 daAuts
     D:8: 1030 daAuts
     D:9: 576 daAuts
     D:7: 492 daAuts
  Temple: 14 daAuts
